NCAA
OKLAHOMA STATE COWBOYS @ CINCINNATI BEARCATS
04/07/2023
 
TOP OF THE 1ST
Oklahoma State Cowboys batting - Pitching for Cincinnati Bearcats : RHP Augusto Herrera
Pitching: RHP Augusto Herrera
Batting: RHB Mike Johnson 0-0: Called Strike
0-1: Swinging Strike
0-2: Ball
1-2: Ball
2-2: SINGLE (Line Drive, 4MD)
Batting: RHB Mark Hart 0-0: Ball
Throwing error on steal attempt, E2
Mike Johnson to third
1-0: Ball
2-0: Called Strike
2-1: Swinging Strike
2-2: Foul Ball, location: 2F
2-2: Strikes out swinging
Batting: RHB Roberto García 0-0: Called Strike
0-1: Called Strike
0-2: Strikes out swinging
Batting: RHB Jack Hollon 0-0: Ball
1-0: Ball
2-0: Ground out 6-3 (Groundball, 6MS)
Top of the 1st over - 0 run(s), 1 hit(s), 1 error(s), 1 left on base; Oklahoma State 0 - Cincinnati 0
BOTTOM OF THE 1ST
Cincinnati Bearcats batting - Pitching for Oklahoma State Cowboys : RHP Albert Fisher
Pitching: RHP Albert Fisher
Batting: RHB Phil McKinney 0-0: Swinging Strike
0-1: Called Strike
0-2: Strikes out looking
Batting: SHB Graham Jackson 0-0: Called Strike
0-1: Fly out, F9 (Flyball, 89M)
Batting: RHB Joe Bailey 0-0: Swinging Strike
0-1: Ball
1-1: Foul Ball, location: 2F
1-2: Fly out, F9 (Flyball, 89M)
Bottom of the 1st over - 0 run(s), 0 hit(s), 0 error(s), 0 left on base; Oklahoma State 0 - Cincinnati 0
TOP OF THE 2ND
Oklahoma State Cowboys batting - Pitching for Cincinnati Bearcats : RHP Augusto Herrera
Batting: LHB Kent Fremantle 0-0: Ball
1-0: Called Strike
1-1: Swinging Strike
1-2: Ball
2-2: Ball
3-2: Strikes out looking
Batting: RHB Mark McCullough 0-0: Ball
1-0: Ground out 4-3 (Groundball, 4M)
Batting: LHB Wayne Pugh 0-0: Ground out 6-3 (Groundball, 6M)
Top of the 2nd over - 0 run(s), 0 hit(s), 0 error(s), 0 left on base; Oklahoma State 0 - Cincinnati 0
BOTTOM OF THE 2ND
Cincinnati Bearcats batting - Pitching for Oklahoma State Cowboys : RHP Albert Fisher
Batting: RHB Allen Long 0-0: Fly out, F6 (Popup, 6)
Batting: LHB Denny Allen 0-0: Foul Ball, location: 2F
0-1: Swinging Strike
0-2: Strikes out looking
Batting: LHB Tristan Walker 0-0: Called Strike
0-1: Ball
1-1: Foul Ball, location: 2F
1-2: Foul Ball, location: 2F
1-2: Foul Ball, location: 2F
1-2: Strikes out looking
Bottom of the 2nd over - 0 run(s), 0 hit(s), 0 error(s), 0 left on base; Oklahoma State 0 - Cincinnati 0
TOP OF THE 3RD
Oklahoma State Cowboys batting - Pitching for Cincinnati Bearcats : RHP Augusto Herrera
Batting: SHB Von Smith 0-0: Fly out, F8 (Flyball, 8LM)
Batting: RHB Earnest Maldonado 0-0: Foul Ball, location: 2F
0-1: Ball
1-1: Ball
2-1: Foul Ball, location: 2F
2-2: Ground out 6-3 (Groundball, 6)
Batting: RHB Mike Johnson 0-0: Ball
1-0: Foul Ball, location: 2F
1-1: Swinging Strike
1-2: SINGLE (Groundball, 15S) (infield hit)
Batting: RHB Mark Hart 0-0: Fielders Choice at 2nd, U6 (Groundball, 6M)
Top of the 3rd over - 0 run(s), 1 hit(s), 0 error(s), 1 left on base; Oklahoma State 0 - Cincinnati 0
BOTTOM OF THE 3RD
Cincinnati Bearcats batting - Pitching for Oklahoma State Cowboys : RHP Albert Fisher
Batting: RHB Jeff Garmon 0-0: Called Strike
0-1: Ball
1-1: Ball
2-1: Ball
3-1: Fly out, F8 (Flyball, 8LS)
Batting: RHB Rudy Marshall 0-0: Called Strike
0-1: Ball
1-1: Fly out, F7 (Flyball, 7M)
Batting: LHB Wayne Feniley 0-0: Ball
1-0: Ball
2-0: Ball
3-0: Base on Balls
Batting: RHB Phil McKinney 0-0: Called Strike
Wayne Feniley is caught stealing 2nd base
Bottom of the 3rd over - 0 run(s), 0 hit(s), 0 error(s), 0 left on base; Oklahoma State 0 - Cincinnati 0
TOP OF THE 4TH
Oklahoma State Cowboys batting - Pitching for Cincinnati Bearcats : RHP Augusto Herrera
Batting: RHB Roberto García 0-0: Ball
1-0: Called Strike
1-1: Ball
2-1: Fly out, F7 (Flyball, 7S)
Batting: RHB Jack Hollon 0-0: Called Strike
0-1: Called Strike
0-2: Strikes out looking
Batting: LHB Kent Fremantle 0-0: Foul Ball, location: 2F
0-1: Called Strike
0-2: Ground out 5-3 (Groundball, 5S)
Top of the 4th over - 0 run(s), 0 hit(s), 0 error(s), 0 left on base; Oklahoma State 0 - Cincinnati 0
BOTTOM OF THE 4TH
Cincinnati Bearcats batting - Pitching for Oklahoma State Cowboys : RHP Albert Fisher
Batting: RHB Phil McKinney 0-0: Ball
1-0: Swinging Strike
1-1: Fly out, F9 (Flyball, 89M)
Batting: SHB Graham Jackson 0-0: Called Strike
0-1: Ball
1-1: Ball
2-1: Ball
3-1: Base on Balls
Batting: RHB Joe Bailey 0-0: Ball
1-0: Ball
2-0: Foul Ball, location: 2F
2-1: Ball
3-1: 2-RUN HOME RUN (Flyball, 7LD), Distance : 313 ft
Batting: RHB Allen Long 0-0: Ball
1-0: Swinging Strike
1-1: Called Strike
1-2: Ball
2-2: Ball
3-2: Strikes out swinging
Batting: LHB Denny Allen 0-0: Called Strike
0-1: Fly out, F6 (Popup, 6)
Bottom of the 4th over - 2 run(s), 1 hit(s), 0 error(s), 0 left on base; Oklahoma State 0 - Cincinnati 2
TOP OF THE 5TH
Oklahoma State Cowboys batting - Pitching for Cincinnati Bearcats : RHP Augusto Herrera
Batting: RHB Mark McCullough 0-0: Ball
1-0: Ball
2-0: Swinging Strike
2-1: Fly out, F8 (Flyball, 8LD)
Batting: LHB Wayne Pugh 0-0: SINGLE (Line Drive, 89S)
Batting: SHB Von Smith 0-0: DOUBLE (Line Drive, 9M)
Wayne Pugh to third
Batting: RHB Earnest Maldonado 0-0: SINGLE (Groundball, 6MD)
Wayne Pugh scores
Von Smith to third
Runner from 3rd tries for Home, SAFE, no throw or cutoff
Batting: RHB Mike Johnson 0-0: Called Strike
0-1: Swinging Strike
0-2: Ball
Earnest Maldonado is caught stealing 2nd base
1-2: Foul Ball, location: 2F
1-2: Ball
2-2: Ball
3-2: Strikes out swinging
Top of the 5th over - 2 run(s), 3 hit(s), 0 error(s), 0 left on base; Oklahoma State 2 - Cincinnati 2
BOTTOM OF THE 5TH
Cincinnati Bearcats batting - Pitching for Oklahoma State Cowboys : RHP Albert Fisher
Batting: LHB Tristan Walker 0-0: Foul Ball, location: 2F
0-1: Ball
1-1: Fly out, F2 (Popup, 25F)
Batting: RHB Jeff Garmon 0-0: Ball
1-0: Ball
2-0: SINGLE (Line Drive, 34)
Batting: RHB Rudy Marshall 0-0: Ground out 5-3 (Groundball, 5S)
Jeff Garmon to second
Batting: LHB Wayne Feniley 0-0: Ball
1-0: SINGLE (Groundball, 34D)
Jeff Garmon to third
Runner from 3rd tries for Home, SAFE, no throw or cutoff
Batting: RHB Phil McKinney 0-0: Ball
1-0: Fly out, F8 (Flyball, 8RM)
Bottom of the 5th over - 1 run(s), 2 hit(s), 0 error(s), 1 left on base; Oklahoma State 2 - Cincinnati 3
TOP OF THE 6TH
Oklahoma State Cowboys batting - Pitching for Cincinnati Bearcats : RHP Augusto Herrera
Batting: RHB Mark Hart 0-0: Called Strike
0-1: Ball
1-1: Foul Ball, location: 2F
1-2: SINGLE (Flyball, 8LS)
Batting: RHB Roberto García 0-0: Called Strike
0-1: Foul Ball, location: 2F
0-2: Foul Ball, location: 2F
0-2: Ball
1-2: Ball
2-2: Foul Ball, location: 2F
2-2: Ball
3-2: Strikes out swinging
Batting: RHB Jack Hollon 0-0: Called Strike
0-1: Ball
1-1: Ball
2-1: Ball
3-1: Ground out 5-3 (Groundball, 5S)
Mark Hart to second
Batting: LHB Kent Fremantle 0-0: Called Strike
0-1: Foul Ball, location: 2F
0-2: Foul Ball, location: 2F
0-2: Ball
1-2: Strikes out swinging
Top of the 6th over - 0 run(s), 1 hit(s), 0 error(s), 1 left on base; Oklahoma State 2 - Cincinnati 3
BOTTOM OF THE 6TH
Cincinnati Bearcats batting - Pitching for Oklahoma State Cowboys : RHP Albert Fisher
Batting: SHB Graham Jackson 0-0: Fly out, F7 (Line Drive, 78M)
Batting: RHB Joe Bailey 0-0: Ball
1-0: Ball
2-0: Foul Ball, location: 2F
2-1: Ball
3-1: Swinging Strike
3-2: SINGLE (Groundball, 4MD)
Batting: RHB Allen Long 0-0: Called Strike
0-1: Ball
1-1: Ball
2-1: Ball
3-1: Called Strike
3-2: Strikes out swinging
Batting: LHB Denny Allen 0-0: Called Strike
0-1: Ball
Joe Bailey is caught stealing 2nd base
Bottom of the 6th over - 0 run(s), 1 hit(s), 0 error(s), 0 left on base; Oklahoma State 2 - Cincinnati 3
TOP OF THE 7TH
Oklahoma State Cowboys batting - Pitching for Cincinnati Bearcats : RHP Augusto Herrera
Pitching: LHP Troy Howell
Batting: RHB Mark McCullough 0-0: Ball
1-0: Called Strike
1-1: Ball
2-1: Ball
3-1: Base on Balls
Batting: LHB Wayne Pugh 0-0: Ball
1-0: Called Strike
1-1: 2-RUN HOME RUN (Flyball, 9D), Distance : 366 ft
Batting: SHB Von Smith 0-0: Ball
1-0: Foul Ball, location: 2F
1-1: Ground out 1-3 (Groundball, 13)
Batting: RHB Earnest Maldonado 0-0: Called Strike
0-1: Called Strike
0-2: Ball
1-2: Ball
2-2: Ball
3-2: Base on Balls
Batting: RHB Mike Johnson 0-0: Called Strike
0-1: Fielders Choice at 2nd, 4-6 (Groundball, 4)
Batting: RHB Mark Hart 0-0: Foul Ball, location: 2F
0-1: Called Strike
0-2: Ball
Mike Johnson is caught stealing 2nd base
Top of the 7th over - 2 run(s), 1 hit(s), 0 error(s), 0 left on base; Oklahoma State 4 - Cincinnati 3
BOTTOM OF THE 7TH
Cincinnati Bearcats batting - Pitching for Oklahoma State Cowboys : RHP Albert Fisher
Batting: LHB Denny Allen 0-0: Swinging Strike
0-1: Foul Ball, location: 2F
0-2: Foul Ball, location: 2F
0-2: Foul Ball, location: 2F
0-2: Foul Ball, location: 2F
0-2: Ball
1-2: Ball
2-2: Strikes out swinging
Pitching: RHP Mark Osborne
Batting: LHB Tristan Walker 0-0: Ball
1-0: Ground out U3 (Groundball, 3)
Batting: RHB Jeff Garmon 0-0: Ball
1-0: Ball
2-0: Ball
3-0: Base on Balls
Batting: RHB Rudy Marshall 0-0: Fielders Choice at 2nd, 5-4 (Groundball, 56)
Bottom of the 7th over - 0 run(s), 0 hit(s), 0 error(s), 0 left on base; Oklahoma State 4 - Cincinnati 3
TOP OF THE 8TH
Oklahoma State Cowboys batting - Pitching for Cincinnati Bearcats : LHP Troy Howell
Batting: RHB Mark Hart 0-0: Called Strike
0-1: Ball
1-1: Ball
2-1: Foul Ball, location: 2F
2-2: Strikes out swinging
Batting: RHB Roberto García 0-0: Ball
1-0: DOUBLE (Line Drive, 78M)
Batting: RHB Jack Hollon 0-0: Intentional Walk
Pitching: RHP Edward McCormick
Batting: LHB Kent Fremantle 0-0: Called Strike
0-1: Swinging Strike
0-2: Ball
1-2: Ball
2-2: Strikes out looking
Batting: RHB Mark McCullough 0-0: Foul Ball, location: 2F
0-1: Swinging Strike
0-2: Ball
1-2: Strikes out swinging
Top of the 8th over - 0 run(s), 1 hit(s), 0 error(s), 2 left on base; Oklahoma State 4 - Cincinnati 3
BOTTOM OF THE 8TH
Cincinnati Bearcats batting - Pitching for Oklahoma State Cowboys : RHP Mark Osborne
Pitching: LHP Zach Blake
Batting: LHB Wayne Feniley 0-0: Fly out, F8 (Flyball, 8RM)
Pitching: RHP Rod Pittman
Batting: RHB Phil McKinney 0-0: Foul Ball, location: 2F
0-1: Swinging Strike
0-2: Foul Ball, location: 2F
0-2: Ball
1-2: SINGLE (Groundball, 56D)
Batting: SHB Graham Jackson 0-0: Ball
1-0: Swinging Strike
1-1: Called Strike
1-2: SINGLE (Line Drive, 56)
Phil McKinney to second
Batting: RHB Joe Bailey 0-0: Ball
1-0: Fly out, F7 (Flyball, 7LM)
Batting: RHB Allen Long 0-0: Called Strike
0-1: Foul Ball, location: 2F
0-2: Ball
1-2: Strikes out swinging
Bottom of the 8th over - 0 run(s), 2 hit(s), 0 error(s), 2 left on base; Oklahoma State 4 - Cincinnati 3
TOP OF THE 9TH
Oklahoma State Cowboys batting - Pitching for Cincinnati Bearcats : RHP Edward McCormick
Pitching: RHP Dominic O'Higgins
Batting: LHB Wayne Pugh 0-0: Foul Ball, location: 2F
0-1: Called Strike
0-2: Ball
1-2: Foul Ball, location: 2F
1-2: Strikes out looking
Batting: SHB Von Smith 0-0: Called Strike
0-1: Foul Ball, location: 2F
0-2: Fly out, F8 (Flyball, 8LM)
Batting: RHB Earnest Maldonado 0-0: Ground out 1-3 (Groundball, 13S)
Top of the 9th over - 0 run(s), 0 hit(s), 0 error(s), 0 left on base; Oklahoma State 4 - Cincinnati 3
BOTTOM OF THE 9TH
Cincinnati Bearcats batting - Pitching for Oklahoma State Cowboys : RHP Rod Pittman
Pitching: RHP Todd Brewster
Batting: LHB Denny Allen 0-0: Foul Ball, location: 2F
0-1: Called Strike
0-2: Foul Ball, location: 2F
0-2: Ground out 4-3 (Groundball, 4)
Batting: LHB Tristan Walker 0-0: Called Strike
0-1: Ball
1-1: Foul Ball, location: 2F
1-2: Ball
2-2: Ball
3-2: Foul Ball, location: 2F
3-2: Fly out, F8 (Flyball, 8LM)
Batting: RHB Jeff Garmon 0-0: Foul Ball, location: 2F
0-1: Foul Ball, location: 2F
0-2: Ball
1-2: Ball
2-2: Fly out, F7 (Flyball, 78M)
Bottom of the 9th over - 0 run(s), 0 hit(s), 0 error(s), 0 left on base; Oklahoma State 4 - Cincinnati 3
This league is powered by Out of the Park Baseball, the baseball management simulation game for PC, Mac and Linux
Wednesday, December 2nd, 2015 - OOTP Baseball 16.8 Build 38